[Event "Titled Tuesday Blitz December 06 Early 2022"]
[White "Skliarov, Viktor"]
[Black "Rosenberg, Evan S"]
[WhiteFideId "14106736"]
[BlackFideId "2019299"]
[WhiteElo "2284"]
[BlackElo "2355"]
[Result "1-0"]
[Round "05"]
[TimeControl "180+1"]
[Date "2022.12.07"]
[WhiteClock "0:00:53"]
[BlackClock "0:00:05"]

1. e4 e5 2. Nc3 Nf6 3. Bc4 Bc5 4. d3 h6 5. h3 c6 6. Qf3 b5 7. Bb3 a5 8. a3 a4 9. Ba2 d6 10. Nge2 Be6 11. Ng3 Nbd7 12. Nf5 Bxa2 13. Rxa2 Rg8 14. O-O Nh7 15. Be3 Qf6 16. Rd1 Ng5 17. Qg3 Bxe3 18. fxe3 O-O-O 19. b3 axb3 20. cxb3 Kc7 21. Rc1 Nc5 22. b4 Nxd3 23. Nd5+ Kb7 24. Nxf6 gxf6 25. Rd1 Nxe4 26. Qh4 Ndf2 27. Rxf2 Nxf2 28. Kxf2 Rg5 29. g4 d5 30. Qxh6 Rdg8 31. Qxf6 R5g6 32. Qxf7+ Kb6 33. Ne7 R8g7 34. Qxg6 Rxe7 35. Rxd5 1-0


[Site "https://www.chess.com"]

[Event "Titled Tuesday Blitz December 06 Early 2022"]
[White "Slovineanu"]
[Black "Saravana, Krishnan P."]
[BlackFideId "5018382"]
[WhiteElo "2239"]
[BlackElo "2190"]
[Result "0-1"]
[Round "05"]
[TimeControl "180+1"]
[Date "2022.12.07"]
[WhiteClock "0:00:03"]
[BlackClock "0:00:09"]

1. d4 Nf6 2. Nf3 d5 3. c4 e6 4. e3 b6 5. b3 Bb7 6. Bd3 Bb4+ 7. Nbd2 O-O 8. O-O Nbd7 9. Bb2 c5 10. a3 Bxd2 11. Nxd2 cxd4 12. exd4 dxc4 13. bxc4 Nc5 14. Bc2 Nce4 15. Nxe4 Bxe4 16. d5 Bxc2 17. Qxc2 exd5 18. Bxf6 Qxf6 19. cxd5 Rfd8 20. Rad1 Rac8 21. Qe4 Rd6 22. Rd3 g6 23. g3 Kg7 24. Re1 Rcd8 25. Rf3 Qg5 26. Qe7 Qxe7 27. Rxe7 Rf6 28. Rxf6 Kxf6 29. Rxa7 Rxd5 30. Kg2 Ra5 31. Rb7 Ra6 32. h4 h5 33. a4 Ke6 34. Kf3 f5 35. Rg7 Kf6 36. Rb7 Ke5 37. Rg7 Rxa4 38. Rxg6 b5 39. Rb6 Ra3+ 40. Ke2 Rb3 41. f3 f4 42. g4 hxg4 43. fxg4 f3+ 44. Kf2 Kf4 45. Rf6+ Kxg4 46. h5 Rb2+ 47. Kf1 b4 48. h6 b3 49. h7 Rh2 50. Rg6+ Kf4 51. Rf6+ Ke4 52. Rb6 Kf4 53. Rxb3 Kg3 54. Kg1 Rxh7 55. Ra3 Rb7 56. Ra1 Rb2 57. Rb1 Rxb1# 0-1


[Site "https://www.chess.com"]

[Event "Titled Tuesday Blitz December 06 Early 2022"]
[White "Suduvasachmatai"]
[Black "Aradhya, Garg"]
[BlackFideId "25006746"]
[WhiteElo "1966"]
[BlackElo "2278"]
[Result "0-1"]
[Round "05"]
[TimeControl "180+1"]
[Date "2022.12.07"]
[WhiteClock "0:00:02"]
[BlackClock "0:00:32"]

1. e4 e5 2. Nf3 Nc6 3. d4 exd4 4. Bc4 Nf6 5. e5 Ne4 6. Qe2 Nc5 7. c3 d3 8. Bxd3 Nxd3+ 9. Qxd3 d6 10. exd6 Qxd6 11. Qxd6 Bxd6 12. O-O O-O 13. Be3 b6 14. Nbd2 Ba6 15. Rfe1 Rae8 16. Bd4 f6 17. Ne4 Nxd4 18. Nxd4 Be5 19. Nc6 Bb7 20. Nxe5 Rxe5 21. Ng3 Rxe1+ 22. Rxe1 Rd8 23. h3 Kf8 24. Nf1 a5 25. Ne3 Rd2 26. Nc4 Rd7 27. Ne3 Ke7 28. Nf5+ Kf7 29. Ne3 Rd2 30. Rd1 Rxd1+ 31. Nxd1 Ke6 32. Kf1 Ke5 33. f3 Bd5 34. b3 a4 35. bxa4 Bxa2 36. Ke2 h5 37. Ke3 g5 38. Nb2 Bb3 39. g3 Kd5 40. Kd3 Kc5 41. Ke4 Be6 42. g4 h4 43. f4 Bd7 44. fxg5 fxg5 45. Kd3 Kd5 46. Ke3 c5 47. c4+ Ke5 48. Nd3+ Kd6 49. Nb2 Bc6 50. Kf2 Ke5 51. Ke3 Be8 52. Nd3+ Kd6 53. Nb2 Bg6 54. Nd3 Bf7 55. Nf2 Bxc4 56. Ne4+ Ke7 57. Nxg5 Bb3 58. Nf3 Bxa4 59. Nxh4 b5 60. Kd3 b4 61. Kc4 Bb5+ 62. Kb3 Bd7 63. Nf3 Be6+ 64. Kb2 Kd6 65. Nd2 c4 66. Kc2 Ke5 67. Nf3+ Kd5 68. Ng5 Bd7 69. Nf3 Ba4+ 70. Kb2 c3+ 71. Kc1 b3 72. Ne1 b2+ 73. Kb1 Kc4 74. g5 Kb3 75. Nc2 Be8 76. Nd4+ Kc4 77. Nf5 Bg6 78. Ka2 Bxf5 79. Ka3 b1=Q 80. Ka4 Qb4# 0-1


[Site "https://www.chess.com"]

[Event "Titled Tuesday Blitz December 06 Early 2022"]
[White "Szyszylo, Rafal"]
[Black "Prohorov, Olexandr"]
[WhiteFideId "1109626"]
[BlackFideId "14105578"]
[WhiteElo "1981"]
[BlackElo "1993"]
[Result "1-0"]
[Round "05"]
[TimeControl "180+1"]
[Date "2022.12.07"]
[WhiteClock "0:00:09"]
[BlackClock "0:00:14"]

1. e4 e6 2. d4 d5 3. e5 c5 4. c3 Nc6 5. Nf3 Qb6 6. a3 a5 7. Bd3 Bd7 8. Bc2 Nh6 9. O-O Nf5 10. g4 Nh6 11. h3 Be7 12. Re1 O-O-O 13. Be3 cxd4 14. Bxd4 Nxd4 15. cxd4 f6 16. Nc3 Nf7 17. Ba4 Qxb2 18. Bxd7+ Rxd7 19. exf6 Bxf6 20. Na4 Qb5 21. Rb1 Qa6 22. Nb6+ Kd8 23. Nxd7 Kxd7 24. Qa4+ Ke7 25. Rb5 b6 26. Rxd5 Qb7 27. Qb5 Rc8 28. g5 Kf8 29. Rd7 Qxf3 30. gxf6 Qxf6 31. Qe2 Ng5 32. Kg2 Qg6 33. Kh2 Re8 34. h4 Qh6 35. Kg3 Nf7 36. Qf3 Qg6+ 37. Kh2 Kg8 38. Rg1 Qf6 39. Qxf6 1-0


[Site "https://www.chess.com"]

[Event "Titled Tuesday Blitz December 06 Early 2022"]
[White "Tanenbaum, Zachary"]
[Black "Martinez Alcantara, Jose Eduardo"]
[WhiteFideId "2060850"]
[BlackFideId "3805662"]
[WhiteElo "2175"]
[BlackElo "2707"]
[Result "0-1"]
[Round "05"]
[TimeControl "180+1"]
[Date "2022.12.06"]
[WhiteClock "0:00:05"]
[BlackClock "0:00:58"]

1. e4 e5 2. Nf3 Nc6 3. Bc4 Bc5 4. c3 Nf6 5. d3 d6 6. Nbd2 a5 7. a4 h6 8. Nf1 O-O 9. Ng3 Ba7 10. O-O Ne7 11. d4 exd4 12. cxd4 d5 13. Bd3 dxe4 14. Nxe4 Nxe4 15. Bxe4 c6 16. Qb3 Nd5 17. Rd1 Re8 18. Ne5 f6 19. Bxd5+ Qxd5 20. Qxd5+ cxd5 21. Nf3 Bg4 22. Be3 Rac8 23. Rac1 Kf7 24. Kf1 Bf5 25. Rxc8 Rxc8 26. Rc1 Rxc1+ 27. Bxc1 Bc2 28. Bd2 Bb6 29. b4 axb4 30. Bxb4 Bxa4 31. Ke2 Bd7 32. h3 g5 33. Ke3 Bc7 34. Ne1 Bb5 35. Nc2 Bf4+ 36. Kf3 Ba4 37. Ne3 Ke6 38. g4 Bc7 39. Bf8 Bb6 40. Nf5 Bc2 41. Nd6 Bxd4 42. Nxb7 Be4+ 43. Ke2 Bg2 44. Bxh6 Be5 45. Nc5+ Kf7 46. Nd3 Bd6 47. f4 Kg6 48. fxg5 fxg5 49. Bxg5 Kxg5 50. Ke3 Bxh3 51. Kd4 Bg2 52. Ne1 Be4 53. Nc2 Bxc2 54. Kxd5 Bf4 55. Kd4 Kxg4 56. Kd5 Kf3 57. Kd4 Be4 58. Kc5 Ke3 59. Kc4 Bd6 60. Kc3 Bd5 61. Kb2 Kd2 62. Ka1 Kc3 63. Kb1 Bb3 64. Kc1 Bf4+ 65. Kb1 Kb4 66. Kb2 Be3 67. Kb1 Ka3 68. Ka1 Bf7 69. Kb1 Bg6+ 70. Ka1 Bd4# 0-1


[Site "https://www.chess.com"]

[Event "Titled Tuesday Blitz December 06 Early 2022"]
[White "Tarnowska, Aleksandra"]
[Black "Begunov, Konstantin"]
[WhiteFideId "1180967"]
[BlackFideId "4118510"]
[WhiteElo "1776"]
[BlackElo "2141"]
[Result "0-1"]
[Round "05"]
[TimeControl "180+1"]
[Date "2022.12.07"]
[WhiteClock "0:00:03"]
[BlackClock "0:00:21"]

1. e4 c5 2. Nf3 d6 3. Bb5+ Bd7 4. Bxd7+ Qxd7 5. O-O Nf6 6. Re1 Nc6 7. c3 e6 8. d4 cxd4 9. cxd4 d5 10. e5 Ne4 11. Nc3 Nxc3 12. bxc3 Na5 13. Nd2 Rc8 14. Bb2 Be7 15. Re3 O-O 16. Rg3 f5 17. exf6 Rxf6 18. Qg4 Bd6 19. Rf3 Rxf3 20. Nxf3 Nc4 21. Bc1 Qf7 22. Ng5 Qf5 23. Qxf5 exf5 24. Nf3 Rc6 25. Rb1 Ra6 26. Rxb7 Rxa2 27. Rb1 Rc2 28. g3 Rxc3 29. Nh4 g6 30. Bh6 Nb6 31. Re1 Kf7 32. Kg2 Rc7 33. Nf3 Re7 34. Ng5+ Ke8 35. Ra1 Nc4 36. Ra6 Nb6 37. Nf3 Rc7 38. Bg5 Kd7 39. Ra5 Kc6 40. Ra2 Nc4 41. Rc2 a5 42. Bd8 Ra7 43. Ne5+ Bxe5 44. dxe5 Kd7 45. Bf6 Ke6 46. Rc3 a4 47. Rc2 Nxe5 48. Bh8 Nc4 49. f4 a3 50. Ra2 Kd6 51. Bf6 Kc5 52. Bc3 d4 53. Be1 d3 54. Bf2+ Kb4 55. Kf3 Rd7 56. Ra1 d2 57. Ke2 Kc3 58. Rb1 d1=Q+ 59. Rxd1 Rxd1 60. Kxd1 a2 61. Be1+ Kd3 62. Bf2 a1=Q# 0-1


[Site "https://www.chess.com"]

[Event "Titled Tuesday Blitz December 06 Early 2022"]
[White "Tasev, Dejan"]
[Black "Ibarra Jerez, Jose Carlos"]
[WhiteFideId "936618"]
[BlackFideId "2226332"]
[WhiteElo "2253"]
[BlackElo "2638"]
[Result "1-0"]
[Round "05"]
[TimeControl "180+1"]
[Date "2022.12.07"]
[WhiteClock "0:00:15"]
[BlackClock "0:00:14"]

1. e4 c5 2. Nf3 e6 3. Nc3 a6 4. g3 b5 5. d3 Bb7 6. Bg2 d6 7. a4 b4 8. Nb1 Nf6 9. b3 Nbd7 10. Bb2 g6 11. Nbd2 Bg7 12. O-O O-O 13. Re1 Re8 14. Nc4 Qc7 15. e5 dxe5 16. Nfxe5 Bxg2 17. Kxg2 Nd5 18. f4 Rad8 19. Qf3 N7f6 20. Re2 Nc3 21. Bxc3 bxc3 22. Rae1 Nd5 23. h4 Ne7 24. h5 Nf5 25. hxg6 hxg6 26. Qe4 Nd4 27. Rf2 Rd5 28. Nf3 Red8 29. Rh1 Qb7 30. Nxd4 Bxd4 31. Re2 Kg7 32. Ree1 Qa8 33. Nb6 Qc6 34. Nxd5 Rxd5 35. Rh3 Kf8 36. a5 Ke7 37. Ra1 Qd6 38. Rh7 Kf8 39. Ra4 Kg8 40. Rh1 Kg7 41. Rc4 f5 42. Qf3 Qc7 43. b4 Qd7 44. bxc5 Bxc5 45. Re1 Bd4 46. Rb1 Bf6 47. Rcb4 Bd8 48. Rb7 Bc7 49. R1b6 Kh6 50. Rxa6 Rc5 51. Raa7 Qd6 52. a6 e5 53. fxe5 Rxe5 54. Rxc7 g5 55. Rc6 1-0


[Site "https://www.chess.com"]

[Event "Titled Tuesday Blitz December 06 Early 2022"]
[White "Tsatsalashvili, Keti"]
[Black "Ismayil, Malak"]
[WhiteFideId "13603434"]
[BlackFideId "13412604"]
[WhiteElo "2220"]
[BlackElo "1880"]
[Result "0-1"]
[Round "05"]
[TimeControl "180+1"]
[Date "2022.12.07"]
[WhiteClock "0:00:08"]
[BlackClock "0:00:07"]

1. d4 Nf6 2. c4 g6 3. Nc3 Bg7 4. e4 O-O 5. Nf3 d6 6. h3 e5 7. d5 c6 8. Bd3 a6 9. O-O b5 10. b3 b4 11. Ne2 Nbd7 12. a3 Nc5 13. Bg5 bxa3 14. dxc6 h6 15. Bxf6 Bxf6 16. Rxa3 Qc7 17. Nc3 Qxc6 18. Nd5 Bd8 19. Bc2 Be6 20. b4 Nd7 21. b5 Qxc4 22. bxa6 Nc5 23. a7 f5 24. Ne3 Qb4 25. exf5 gxf5 26. Qc1 Bf6 27. Rd1 e4 28. Nd2 Bb2 29. Qb1 Bxa3 30. Qa1 Qb2 31. Ndc4 Qxa1 32. Rxa1 Bxc4 33. Nxc4 Bb4 34. Nxd6 Nd3 35. Bb3+ Kg7 36. Nb5 Bc5 37. Bc4 Nxf2 38. Nc7 Rxa7 39. Ne6+ Kg8 40. Rxa7 Bxa7 41. Nxf8+ Kxf8 42. Kf1 Nd3 43. Be6 f4 44. Bf5 Nc5 45. Ke2 Ke7 46. Kf2 Kf6 47. Bh7 Ke5 48. g3 Nd3+ 49. Ke2 fxg3 50. Kf1 Nf4 51. Bxe4 Kxe4 52. h4 g2+ 53. Ke1 g1=Q+ 54. Kd2 Qd4+ 0-1


[Site "https://www.chess.com"]

[Event "Titled Tuesday Blitz December 06 Early 2022"]
[White "Tsyhanchuk, Stanislav"]
[Black "Williams, Simon K"]
[WhiteFideId "13505130"]
[BlackFideId "404454"]
[WhiteElo "2173"]
[BlackElo "2468"]
[Result "0-1"]
[Round "05"]
[TimeControl "180+1"]
[Date "2022.12.07"]
[WhiteClock "0:00:01"]
[BlackClock "0:00:07"]

1. e4 c5 2. Nf3 d6 3. d4 cxd4 4. Nxd4 Nf6 5. Nc3 g6 6. Be3 Bg7 7. f3 Nc6 8. Qd2 Bd7 9. O-O-O Rc8 10. g4 Ne5 11. h4 O-O 12. h5 Qa5 13. Kb1 Nxf3 14. Nxf3 Rxc3 15. Qxc3 Qxc3 16. bxc3 Bxg4 17. Bg2 Nxe4 18. Bd4 e5 19. Rh4 exd4 20. Rxg4 Nxc3+ 21. Kc1 Nxd1 22. Kxd1 f5 23. Rg3 Be5 24. Nxe5 dxe5 25. hxg6 hxg6 26. Rxg6+ Kf7 27. Rh6 Ke7 28. Bxb7 Rb8 29. Kd2 e4 30. Bd5 Rb1 31. Rh7+ Kd6 32. Ba8 a5 33. Ra7 Rb5 34. Ra6+ Ke5 35. Bc6 Rc5 36. Ba4 f4 37. Bb3 f3 38. Re6+ Kf4 39. Rf6+ Rf5 40. Rxf5+ Kxf5 41. c4 Ke5 42. c5 e3+ 43. Kd1 d3 44. Bc4 Kd4 45. Ba6 e2+ 46. Ke1 Ke3 47. Bxd3 f2# 0-1


[Site "https://www.chess.com"]

[Event "Titled Tuesday Blitz December 06 Early 2022"]
[White "Turzo, Attila"]
[Black "Lakshmi C"]
[WhiteFideId "704954"]
[BlackFideId "25035347"]
[WhiteElo "2479"]
[BlackElo "1942"]
[Result "0-1"]
[Round "05"]
[TimeControl "180+1"]
[Date "2022.12.07"]
[WhiteClock "0:00:54"]
[BlackClock "0:00:08"]

1. d4 Nf6 2. c4 e6 3. Nf3 b6 4. g3 Bb7 5. Bg2 Be7 6. O-O O-O 7. Nc3 Ne4 8. Qc2 Nxc3 9. Qxc3 f5 10. b3 Bf6 11. Bb2 d6 12. Rac1 Nd7 13. Rfd1 Qe7 14. Qd2 Rad8 15. Ne1 Bxg2 16. Nxg2 e5 17. dxe5 dxe5 18. Qd5+ Kh8 19. Qc6 Nc5 20. Ne3 Bg5 21. Nd5 Qf7 22. f4 exf4 23. gxf4 Rd6 24. Qxc7 Qxc7 25. Nxc7 Bxf4 26. Rxd6 Bxd6 27. Nd5 Re8 28. e3 Nd3 29. Rc2 Nxb2 30. Rxb2 Bc5 31. Kf2 f4 32. Nxf4 Rxe3 33. Kg2 Re4 34. Nd5 Bd4 35. Rd2 g5 36. Kf3 Rh4 37. Ne7 Rf4+ 38. Ke2 Bc5 39. Kd3 Rd4+ 40. Kc3 Rxd2 41. Kxd2 Bxe7 42. Kd3 Kg7 43. Ke4 Kf6 44. Kd5 Bc5 45. Kc6 a5 46. a3 h5 47. b4 axb4 48. axb4 Bxb4 49. Kxb6 g4 50. c5 Bxc5+ 51. Kxc5 Kf5 52. Kd4 Kf4 53. Kd5 h4 54. Kd4 g3 55. hxg3+ hxg3 56. Kd3 Kf3 57. Kd4 g2 58. Ke5 g1=Q 59. Kf5 Qe3 60. Kf6 Qe4 61. Kg5 Qf4+ 62. Kg6 Kg4 63. Kg7 Qf5 64. Kh6 Qg5+ 65. Kh7 Kf5 66. Kh8 Kf6 0-1


[Site "https://www.chess.com"]

[Event "Titled Tuesday Blitz December 06 Early 2022"]
[White "Vaibhav, Suri"]
[Black "Shapiro, Daniel"]
[WhiteFideId "5045185"]
[BlackFideId "2001780"]
[WhiteElo "2510"]
[BlackElo "2297"]
[Result "1-0"]
[Round "05"]
[TimeControl "180+1"]
[Date "2022.12.07"]
[WhiteClock "0:00:43"]
[BlackClock "0:00:33"]

1. Nf3 Nf6 2. b3 d6 3. d4 g6 4. Nbd2 Bg7 5. Bb2 O-O 6. e3 e5 7. dxe5 Ng4 8. Nc4 Nc6 9. exd6 Bxb2 10. Nxb2 Qf6 11. Nc4 Rd8 12. h3 b5 13. hxg4 bxc4 14. Bxc4 Rxd6 15. Qc1 Qc3+ 16. Kf1 Bxg4 17. Ng5 Rd1+ 18. Qxd1 Bxd1 19. Bxf7+ Kf8 20. Rxd1 Rd8 21. Ne6+ Kxf7 22. Nxd8+ Nxd8 23. Rxh7+ Kg8 24. Re7 Nc6 25. Rxc7 Qxc2 26. Rd8+ 1-0


[Site "https://www.chess.com"]

[Event "Titled Tuesday Blitz December 06 Early 2022"]
[White "Valle Maytin, Luis Enrique"]
[Black "Nambiar, Vivek"]
[WhiteFideId "3503666"]
[BlackFideId "5005329"]
[WhiteElo "2225"]
[BlackElo "2131"]
[Result "1-0"]
[Round "05"]
[TimeControl "180+1"]
[Date "2022.12.07"]
[WhiteClock "0:02:23"]
[BlackClock "0:01:40"]

1. e4 e6 2. d4 d5 3. Bd3 dxe4 4. Bxe4 Nf6 5. Bf3 c5 6. Ne2 cxd4 7. Qxd4 Qxd4 8. Nxd4 Bc5 9. Nb3 Bb6 10. Nc3 O-O 11. Bg5 Nc6 12. O-O Bd7 13. Rad1 Rfd8 14. Ne4 Nxe4 15. Bxd8 Nxf2 16. Bxb6 Nxd1 17. Rxd1 axb6 18. Rxd7 Rxa2 19. Bxc6 Rxb2 20. Rd8# 1-0


[Site "https://www.chess.com"]

[Event "Titled Tuesday Blitz December 06 Early 2022"]
[White "Vidit, Santosh Gujrathi"]
[Black "Concio, Michael Jr."]
[WhiteFideId "5029465"]
[BlackFideId "5217873"]
[WhiteElo "2669"]
[BlackElo "2263"]
[Result "1-0"]
[Round "05"]
[TimeControl "180+1"]
[Date "2022.12.06"]
[WhiteClock "0:01:26"]
[BlackClock "0:00:02"]

1. e4 e5 2. Nf3 Nc6 3. Bb5 Nf6 4. d3 d6 5. c3 Bd7 6. O-O g6 7. Nbd2 Bg7 8. Re1 O-O 9. Nf1 Nh5 10. Bg5 Qe8 11. Ne3 a6 12. Bc4 Ne7 13. d4 Kh8 14. Qd2 h6 15. Bh4 Nf4 16. Rad1 Bc6 17. Nd5 Nexd5 18. exd5 Bb5 19. Bxb5 axb5 20. dxe5 dxe5 21. Nxe5 Bxe5 22. Bf6+ Bxf6 23. Rxe8 Raxe8 24. Qxf4 Be5 25. Qxh6+ Kg8 26. a3 Rd8 27. Kf1 Rfe8 28. Re1 Bf6 29. Rxe8+ Rxe8 30. Qf4 Be5 31. Qb4 c6 32. Qc5 cxd5 1-0


[Site "https://www.chess.com"]

[Event "Titled Tuesday Blitz December 06 Early 2022"]
[White "Volkov, Maksim"]
[Black "Timofeev, Artyom"]
[WhiteFideId "54123070"]
[BlackFideId "4140419"]
[WhiteElo "2257"]
[BlackElo "2586"]
[Result "0-1"]
[Round "05"]
[TimeControl "180+1"]
[Date "2022.12.06"]
[WhiteClock "0:00:16"]
[BlackClock "0:01:42"]

1. d4 Nf6 2. c4 g6 3. Nf3 Bg7 4. g3 d5 5. cxd5 Nxd5 6. Bg2 Nb6 7. O-O Nc6 8. e3 e5 9. Qe2 O-O 10. dxe5 Nxe5 11. Rd1 Qe7 12. Nxe5 Qxe5 13. Nc3 c6 14. Bd2 Be6 15. Be1 h5 16. h3 Rad8 17. Rxd8 Rxd8 18. Rd1 Rxd1 19. Qxd1 Qc7 20. e4 Qd7 21. Qxd7 Nxd7 22. f4 Bxc3 23. Bxc3 Bxa2 24. f5 b6 25. e5 Bd5 26. Bxd5 cxd5 27. e6 fxe6 28. fxe6 Nc5 29. e7 Kf7 30. Bf6 Ne4 0-1


[Site "https://www.chess.com"]

[Event "Titled Tuesday Blitz December 06 Early 2022"]
[White "Xu, Yi"]
[Black "Riehle, Marco"]
[WhiteFideId "8605564"]
[BlackFideId "12904392"]
[WhiteElo "2471"]
[BlackElo "2462"]
[Result "1-0"]
[Round "05"]
[TimeControl "180+1"]
[Date "2022.12.06"]
[WhiteClock "0:00:19"]
[BlackClock "0:00:19"]

1. e4 e5 2. Nf3 Nf6 3. d4 Nxe4 4. Bd3 Nc6 5. Nxe5 d5 6. Nxc6 bxc6 7. O-O Bd6 8. Nd2 Nxd2 9. Bxd2 O-O 10. Qh5 g6 11. Qh6 Qf6 12. c3 Re8 13. Rae1 Bd7 14. Bg5 Qg7 15. Qh4 Rxe1 16. Rxe1 Re8 17. Rxe8+ Bxe8 18. Bh6 g5 19. Bxg5 f5 20. Bxf5 Bg6 21. Be6+ Bf7 22. Bf6 Qg6 23. Bxf7+ Kxf7 24. g3 Qxf6 25. Qxh7+ Ke8 26. Qh5+ Kd7 27. b4 Kc8 28. h4 Kb7 29. Qg4 Qh6 30. Qf3 Kb6 31. Qd3 a5 32. bxa5+ Kxa5 33. Kg2 Qc1 34. h5 Ba3 35. g4 Bb2 36. Qg3 Qxc3 37. Qxc3+ Bxc3 38. h6 Bxd4 39. g5 c5 40. g6 c4 41. g7 c3 42. g8=Q c2 43. Qxd5+ c5 44. Qc4 Kb6 45. Qxc2 Ka7 46. Qc4 Bf6 47. Qxc5+ Kb8 48. Qd6+ Ka7 49. Qxf6 1-0


[Site "https://www.chess.com"]

[Event "Titled Tuesday Blitz December 06 Early 2022"]
[White "Yaran, Siar"]
[Black "Bernat, David"]
[WhiteFideId "6323006"]
[BlackFideId "2099225"]
[WhiteElo "2191"]
[BlackElo "2355"]
[Result "1-0"]
[Round "05"]
[TimeControl "180+1"]
[Date "2022.12.07"]
[WhiteClock "0:00:10"]
[BlackClock "0:00:01"]

1. e4 c5 2. Nf3 g6 3. d4 cxd4 4. Qxd4 Nf6 5. Bb5 a6 6. e5 axb5 7. exf6 Nc6 8. Qh4 exf6 9. O-O Bg7 10. Re1+ Ne5 11. Bh6 O-O 12. Nxe5 Bxh6 13. Qxh6 fxe5 14. Rxe5 Qc7 15. Rxb5 Qxc2 16. Nc3 Ra6 17. Rc1 Qd3 18. Rd5 Qc4 19. b3 Qb4 20. Rdd1 Rc6 21. Nd5 Qd6 22. Rc4 Rxc4 23. bxc4 Re8 24. h3 Re6 25. Rd4 f5 26. Rh4 Re7 27. Nxe7+ Qxe7 28. Rd4 b6 29. Qe3 Qc5 30. Rd5 1-0


[Site "https://www.chess.com"]

[Event "Titled Tuesday Blitz December 06 Early 2022"]
[White "Yilmaz, Mustafa"]
[Black "Sadhwani, Raunak"]
[WhiteFideId "6302718"]
[BlackFideId "35093487"]
[WhiteElo "2564"]
[BlackElo "2657"]
[Result "1/2-1/2"]
[Round "05"]
[TimeControl "180+1"]
[Date "2022.12.06"]
[WhiteClock "0:00:10"]
[BlackClock "0:00:08"]

1. d4 Nf6 2. c4 e6 3. Nf3 d5 4. Nc3 Bb4 5. Bg5 h6 6. Bxf6 Qxf6 7. Qa4+ Nc6 8. e3 O-O 9. Rc1 Rd8 10. Be2 dxc4 11. Qb5 e5 12. d5 Bxc3+ 13. Rxc3 Ne7 14. Bxc4 Bg4 15. Nd2 Qb6 16. e4 c6 17. dxc6 bxc6 18. Qxb6 axb6 19. f3 Bc8 20. a3 Ng6 21. g3 b5 22. Bd3 b4 23. axb4 Ra2 24. Ke2 Rxb2 25. Rb1 Ra2 26. Rc2 Ra3 27. Rb3 Ra8 28. Rxc6 Nf8 29. b5 Ne6 30. Ke3 Nd4 31. Rbc3 Nxc6 32. bxc6 Be6 33. Nc4 Rac8 34. Nxe5 Rd6 35. Bb5 Rc7 36. Nd3 Bc8 37. Nc5 Rd8 38. Na6 Ra7 39. Nb4 Kf8 40. Nd5 Rd6 41. Nb6 Rc7 42. e5 Rd8 43. f4 Be6 44. Rd3 Rb8 45. Nd7+ Bxd7 46. cxd7 Ke7 47. Rd5 Kd8 48. f5 Rb6 49. h4 Rcb7 50. Ba4 Ra7 51. Bb5 Ra5 52. Bc4 Rxd5 53. Bxd5 Kxd7 54. Bxf7 Ke7 55. Bd5 Rb5 56. Kd4 Rb4+ 57. Bc4 Ra4 58. g4 Ra3 59. g5 hxg5 60. hxg5 Rf3 61. f6+ gxf6 62. gxf6+ Rxf6 63. exf6+ Kxf6 1/2-1/2


[Site "https://www.chess.com"]

[Event "Titled Tuesday Blitz December 06 Early 2022"]
[White "Yuan, Qingyu"]
[Black "Vifleemskaia, Svetlana"]
[WhiteFideId "8609772"]
[BlackFideId "4129490"]
[WhiteElo "2359"]
[BlackElo "1930"]
[Result "1-0"]
[Round "05"]
[TimeControl "180+1"]
[Date "2022.12.07"]
[WhiteClock "0:00:10"]
[BlackClock "0:00:01"]

1. e4 e5 2. Nf3 Nc6 3. Bb5 a6 4. Ba4 Nf6 5. O-O Be7 6. Re1 b5 7. Bb3 d6 8. c3 O-O 9. h3 Nd7 10. d4 Bf6 11. Be3 Na5 12. Bc2 Nc4 13. Bc1 c5 14. Nbd2 cxd4 15. Nxc4 bxc4 16. cxd4 Nb6 17. d5 Bd7 18. Be3 Rc8 19. Rc1 h6 20. Qd2 Be7 21. b3 cxb3 22. axb3 Bb5 23. Bd3 f5 24. exf5 Nxd5 25. Bxb5 Nxe3 26. Bxa6 Rxc1 27. Rxc1 Nxf5 28. b4 Qb6 29. Bd3 Nd4 30. Bc4+ Kh8 31. Nxd4 exd4 32. Rb1 d3 33. Bxd3 d5 34. b5 Bc5 35. Rf1 Bd4 36. Qe2 Qf6 37. Bc2 Qf4 38. Bb1 g5 39. Qd3 Rf7 40. Kh1 Bxf2 41. Qxd5 Kg7 42. Qd3 Qf6 43. Qh7+ Kf8 44. Qc2 Kg7 45. Ba2 Rf8 46. Qb3 Qf5 47. b6 1-0


[Site "https://www.chess.com"]

[Event "Titled Tuesday Blitz December 06 Early 2022"]
[White "Zaichenko, Daria"]
[Black "Mihailidis, Anastasios"]
[WhiteFideId "4197453"]
[BlackFideId "4205588"]
[WhiteElo "2039"]
[BlackElo "2312"]
[Result "1-0"]
[Round "05"]
[TimeControl "180+1"]
[Date "2022.12.07"]
[WhiteClock "0:00:37"]
[BlackClock "0:00:16"]

1. e4 c5 2. Nf3 d6 3. d4 cxd4 4. Nxd4 Nf6 5. Nc3 g6 6. Be2 Bg7 7. O-O O-O 8. Be3 Nc6 9. a4 a6 10. Nb3 Bd7 11. a5 Rc8 12. Bb6 Qe8 13. Nd5 Nxd5 14. exd5 Ne5 15. f4 Nc4 16. Bxc4 Rxc4 17. Nd2 Rc8 18. c3 Bb5 19. Re1 Qd7 20. Qf3 Rfe8 21. Re3 e5 22. dxe6 Rxe6 23. Rae1 Rce8 24. Rxe6 Rxe6 25. Rxe6 fxe6 26. h3 Bc6 27. Qg4 Bf6 28. Nf3 Bxf3 29. Qxf3 Qc6 30. Qxc6 bxc6 31. Kf2 Kf7 32. Ke3 e5 33. fxe5 Bxe5 34. Ke4 Ke6 35. Bd4 d5+ 36. Ke3 Kd6 37. b4 Bh2 38. Kf3 Be5 39. Kg4 Bxd4 40. cxd4 Ke6 41. Kg5 Kf7 42. Kh6 Kg8 43. g4 Kh8 44. h4 Kg8 45. h5 gxh5 46. gxh5 Kh8 47. Kg5 Kg7 48. h6+ Kf7 49. Kf5 Ke7 50. Ke5 Kf7 51. Kd6 Kg6 52. Kxc6 Kxh6 53. b5 axb5 54. a6 b4 55. a7 b3 56. a8=Q b2 57. Qa2 1-0


[Site "https://www.chess.com"]

[Event "Titled Tuesday Blitz December 06 Early 2022"]
[White "Zaragatski, Ilja"]
[Black "Yeletsky, Ivan"]
[WhiteFideId "4655192"]
[BlackFideId "24180327"]
[WhiteElo "2460"]
[BlackElo "2391"]
[Result "0-1"]
[Round "05"]
[TimeControl "180+1"]
[Date "2022.12.07"]
[WhiteClock "0:00:34"]
[BlackClock "0:01:51"]

1. e4 Nf6 2. e5 Nd5 3. d4 d6 4. Nf3 dxe5 5. Nxe5 c6 6. Be2 Bf5 7. O-O Nd7 8. Nf3 e6 9. a3 Bd6 10. c4 Nf4 11. Bxf4 Bxf4 12. g3 Bd6 13. Nc3 O-O 14. Re1 h6 15. Nh4 Bh3 16. Bg4 Bxg4 17. Qxg4 Nf6 18. Qf3 Re8 19. c5 Be7 20. Rad1 Nd5 21. Ng2 Bf6 22. Ne4 a5 23. Ne3 Be7 24. Nc4 a4 25. Ned6 Bxd6 26. Nxd6 Re7 27. h4 b5 28. h5 Rd7 29. Kh2 Rb8 30. Re4 Qf6 31. Qe2 b4 32. Nc4 bxa3 33. Ne5 Rc7 34. bxa3 Nc3 0-1


[Site "https://www.chess.com"]

[Event "Titled Tuesday Blitz December 06 Early 2022"]
[White "sabkeIXO"]
[Black "Zaksaite, Salomeja"]
[BlackFideId "12801496"]
[WhiteElo "2490"]
[BlackElo "2079"]
[Result "1-0"]
[Round "05"]
[TimeControl "180+1"]
[Date "2022.12.07"]
[WhiteClock "0:00:20"]
[BlackClock "0:00:05"]

1. e4 c5 2. Nc3 e6 3. f4 d5 4. Bb5+ Nc6 5. Nf3 d4 6. Bxc6+ bxc6 7. Na4 Nf6 8. d3 Be7 9. b3 O-O 10. O-O Nd7 11. Ba3 Qa5 12. Qd2 Qb5 13. Rae1 Nb6 14. Nxd4 cxd4 15. Bxe7 Re8 16. Nxb6 axb6 17. a4 Qh5 18. Bd6 Bb7 19. Rf3 f6 20. Ba3 b5 21. a5 c5 22. Rh3 Qf7 23. Bxc5 Red8 24. b4 f5 25. exf5 Qxf5 26. Re5 Qf7 27. Qe2 Bd5 28. Rg3 g6 29. h3 Rd7 30. Bxd4 Bxg2 31. c3 Bd5 32. Qe3 Ra6 33. Reg5 Ba8 34. Qe5 Rxd4 35. Qxd4 Qb7 36. Qe4 Qxe4 37. dxe4 Bxe4 38. Re5 Bd5 39. Rge3 Kf7 40. Kf2 Kf6 41. Ke2 Ra8 42. Kd2 Ra6 43. Rxd5 Rc6 44. Rxb5 1-0


[Site "https://www.chess.com"]